 Dungeon Crawl Stone Soup version 0.27-a0-1105-g946c659c87 (webtiles) character file.

Game seed: 16286979221036569886

337746 sizableburger the Warrior (level 21, 0/171 HPs)
             Began as a Mummy Hunter on Apr 29, 2021.
             Was the Champion of Okawaru.
             Killed from afar by a tengu reaver (22 damage)
             ... with a bolt of acid
             ... on level 4 of the Vaults.
             The game lasted 03:32:13 (48264 turns).

sizableburger the Warrior (Mummy Hunter)           Turns: 48264, Time: 03:32:14

Health: 0/171      AC: 42    Str: 23    XL:     21   Next: 1%
Magic:  22/26      EV: 19    Int: 12    God:    Okawaru [******]
Gold:   4451       SH: 10    Dex: 20    Spells: 25/27 levels left

rFire    . . .     SeeInvis .   w - +9 scimitar (spect)
rCold    + + +     Faith    .   y - +2 buckler
rNeg     + + +     Spirit   .   U - +10 plate armour of Ammun {-Cast rElec Dex+4 Stlth+}
rPois    ∞         Reflect  .   T - +1 helmet "Duah" {rC++}
rElec    +         Harm     .   A - +2 cloak
rCorr    .         Rampage  .   R - +2 pair of gloves {Dex+3}
Will     ++...     NoCast   +   u - +2 pair of boots
Stlth    ..........             I - amulet of regeneration
HPRegen  1.38/turn              k - ring of protection from fire
MPRegen  0.20/turn              s - +4 ring of evasion

@: heroic
A: cold resistance 1, negative energy resistance 3, torment resistance 2,
unbreathing 1, heat vulnerability 1, in touch with death 1, no potions
}: 2/15 runes: decaying, gossamer
a: Renounce Religion, Heroism, Finesse


You were on level 4 of the Vaults.
You worshipped Okawaru.
Okawaru was exalted by your worship.
You visited 7 branches of the dungeon, and saw 37 of its levels.

You collected 5708 gold pieces.
You spent 1257 gold pieces at shops.

Inventory:

Hand Weapons
 o - a +0 giant spiked club
 w - a +9 spectral scimitar (weapon)
 G - a +4 double sword of distortion
 N - a +2 demon blade of draining
Missiles
 c - 7 datura-tipped darts
 d - 2 throwing nets
 e - 20 atropa-tipped darts
 g - 175 poisoned darts
 h - 5 curare-tipped darts
 n - 36 boomerangs
 q - 8 silver boomerangs (quivered)
 J - 10 javelins
Armour
 f - a +0 crystal plate armour
 r - a +1 helmet
 u - a +2 pair of boots (worn)
 y - a +2 buckler (worn)
 A - a +2 cloak (worn)
 R - a +2 pair of gloves of dexterity (worn)
 T - the +1 helmet "Duah" (worn) {rC++}
   (You bought it in a shop on level 2 of the Orcish Mines)

   It greatly protects you from cold.
 U - the +10 plate armour of Ammun (worn) {-Cast rElec Dex+4 Stlth+}
   (You bought it in a shop on level 2 of the Orcish Mines)

   It affects your dexterity (+4).
   It insulates you from electricity.
   It prevents spellcasting.
   It makes you more stealthy.
Jewellery
 k - a ring of protection from fire (left hand)
 m - a +4 ring of evasion
 p - a ring of resist corrosion
 s - a +4 ring of evasion (right hand)
 t - a ring of willpower
 H - an amulet of guardian spirit
 I - an amulet of regeneration (around neck)
 K - an amulet of reflection
 S - a ring of fire
 Z - a ring of flight
Wands
 x - a wand of polymorph (25)
 z - a wand of paralysis (28)
 B - a wand of digging (10)
 E - a wand of iceblast (21)
 F - a wand of acid (15)
 M - a wand of flame (130)
 X - a wand of mindburst (35)
 Y - a wand of charming (15)
Scrolls
 a - 3 scrolls of brand weapon
 b - 3 scrolls of magic mapping
 i - 16 scrolls of identify
 j - 6 scrolls of fog
 l - 10 scrolls of teleportation
 L - 5 scrolls of amnesia
 V - a scroll of silence
 W - 2 scrolls of summoning
Miscellaneous
 P - a phial of floods


   Skills:
 + Level 16.2(21.2) Fighting
 - Level 4.2(16.4) Short Blades
 - Level 15.8(21.0) Long Blades
 + Level 12.4(17.4) Throwing
 + Level 13.1(18.1) Armour
 - Level 8.8(13.8) Dodging
 - Level 0.7(5.7) Stealth
 - Level 7.5(12.5) Shields
 - Level 3.5 Spellcasting
 - Level 1.0 Necromancy
 - Level 7.7 Invocations
 + Level 11.9 Evocations


You had 25 spell levels left.
You knew the following spells:

 Your Spells              Type           Power      Damage    Failure   Level
a - Corpse Rot            Necr/Air       N/A        N/A       89%         2

Your spell library contained the following spells:

 Spells                   Type           Power      Damage    Failure   Level
 Animate Skeleton         Necr           12%        N/A       71%         1
 Apportation              Tloc           4%         N/A       85%         1
 Corona                   Hex            2%         N/A       85%         1
 Foxfire                  Conj/Fire      8%         2x1d4     85%         1
 Freeze                   Ice            8%         1d3       85%         1
 Magic Dart               Conj           8%         1d3       85%         1
 Summon Small Mammal      Summ           8%         N/A       85%         1
 Call Imp                 Summ           2%         N/A       94%         2
 Ensorcelled Hibernation  Hex/Ice        4%         N/A       94%         2
 Searing Ray              Conj           4%         3d3       94%         2
 Slow                     Hex            2%         N/A       94%         2
 Call Canine Familiar     Summ           2%         N/A       99%         3
 Conjure Flame            Conj/Fire      2%         6-21      99%         3
 Dazzling Flash           Conj/Hex       4%         N/A       99%         3
 Frozen Ramparts          Ice            4%         1d2       99%         3
 Inner Flame              Hex/Fire       2%         N/A       99%         3
 Ozocubu's Armour         Ice            2%         N/A       99%         3
 Portal Projectile        Hex/Tloc       4%         N/A       99%         3
 Stone Arrow              Conj/Erth      4%         3d7       99%         3
 Summon Guardian Golem    Hex/Summ       2%         N/A       99%         3
 Animate Armour           Summ/Erth      4%         N/A       100%        4
 Cause Fear               Hex            1%         N/A       100%        4
 Dispel Undead            Necr           6%         3d8       100%        4
 Fulminant Prism          Conj/Hex       1%         3d6       100%        4
 Hailstorm                Conj/Ice       2%         3d3       100%        4
 Iskenderun's Mystic Bla  Conj/Tloc      2%         2d3       100%        4
 Leda's Liquefaction      Hex/Erth       1%         N/A       100%        4
 Sticky Flame             Conj/Fire      2%         2d3       100%        4
 Summon Ice Beast         Ice/Summ       2%         N/A       100%        4
 Summon Lightning Spire   Summ/Air       2%         N/A       100%        4
 Agony                    Necr           6%         N/A       100%        5
 Bolt of Magma            Conj/Fire/Erth 1%         4d4       100%        5
 Borgnjor's Vile Clutch   Necr/Erth      2%         N/A       100%        5
 Excruciating Wounds      Necr           3%         N/A       100%        5
 Fireball                 Conj/Fire      1%         3d3       100%        5
 Irradiate                Conj/Tmut      1%         3d13      100%        5
 Iskenderun's Battlesphe  Conj           2%         2d6       100%        5
 Metabolic Englaciation   Hex/Ice        1%         N/A       100%        5
 Silence                  Hex/Air        1%         N/A       100%        5
 Summon Forest            Summ/Tloc      1%         N/A       100%        5
 Conjure Ball Lightning   Conj/Air       1%         3x3d6     100%        6
 Eringya's Noxious Bog    Tmut/Pois      1%         N/A       100%        6
 Iron Shot                Conj/Erth      1%         9d1       100%        6
 Shadow Creatures         Summ           N/A        N/A       100%        6
 Orb of Destruction       Conj           1%         N/A       100%        7
 Spellforged Servitor     Conj/Summ      1%         N/A       100%        7
 Summon Hydra             Summ           1%         N/A       100%        7
 Tornado                  Air            1%         N/A       100%        9
 Sublimation of Blood     Necr           Unusable   N/A       N/A         2
 Hydra Form               Tmut           Unusable   N/A       N/A         5
 Blade Hands              Tmut           Unusable   N/A       N/A         6
 Statue Form              Tmut/Erth      Unusable   N/A       N/A         6
 Dragon Form              Tmut           Unusable   N/A       N/A         7

Dungeon Overview and Level Annotations

Branches:
Dungeon (15/15)            Temple (1/1) D:6            Lair (6/6) D:10
  Swamp (4/4) Lair:2       Spider (4/4) Lair:4        Slime (0/5) Lair:5
    Orc (2/2) D:10            Elf (0/3) Orc:2        Vaults (5/5) D:14
  Crypt (0/3) Vaults:3     Depths (0/5) D:15

Altars:
Ashenzari
Cheibriados
Dithmenos
Elyvilon
Fedhas
Gozag
Hepliaklqana
Kikubaaqudgha
Makhleb
Nemelex Xobeh
Okawaru
Qazlal
Ru
Sif Muna
Trog
Uskayaw
Vehumet
Wu Jian
Xom
Yredelemnul
Zin
The Shining One
Beogh

Shops:
D:1 (*:([   D:5 :   D:9 *   D:13 ?   D:14 (*[   Orc:2 [![[[   Vaults:3 !
Vaults:4 *

Annotations:
Spider:4 1 runed translucent door, scammafunk's ghost, adept NaFi


Innate Abilities, Weirdness & Mutations

You are immune to poison.
Your flesh is cold resistant. (rC+)
You are immune to negative energy. (rN+++)
You are immune to unholy pain and torment.
You can survive without breathing.
You are vulnerable to heat. (rF-)
You are in touch with the powers of death.
You do not drink.


Message History

The tengu reaver seems to be corroded for longer.
The tengu reaver is almost dead.
The dread lich gestures wildly while chanting.
The Tzitzimitl gestures at you.
You convulse!
The vault guard hits you but does no damage.
As you read the scroll of teleportation, it crumbles to dust.
You feel strangely unstable. You block the dread lich's attack.
The blizzard demon hits you but does no damage.
You block the blizzard demon's attack. The dread lich touches you!
The vault guard hits you but does no damage.
The dread lich gestures at itself while chanting.
The dread lich flickers and vanishes!
Deactivating autopickup; reactivate with Ctrl-A.
The tengu reaver casts a spell at you.
The bolt of lightning hits the cacodemon!
The cacodemon resists.
The bolt of lightning hits the blizzard demon.
The blizzard demon completely resists.
The bolt of lightning hits you! You resist.
Your surroundings seem slightly different.
The blizzard demon waves its arms in wide circles.
The air twists around and strikes you!!
* * * LOW HITPOINT WARNING * * *
As you read the scroll of teleportation, it crumbles to dust.
You feel strangely unstable.
You hear some strange, mumbled words.
Something tries to affect you, but you resist.
Your hands slow down.
The tengu reaver gestures at you while chanting.
The bolt of lightning hits the blizzard demon.
The blizzard demon completely resists.
The bolt of lightning hits you! You resist.
* * * LOW HITPOINT WARNING * * *
As you read the scroll of fog, it crumbles to dust.
The scroll dissolves into smoke.
Something barely misses you.
Your surroundings suddenly seem different.
The tengu reaver points at you and mumbles some strange words.
The bolt of acid hits you!!
You die...

.##.# #...1Q)(# #.......# #
....# #...21.(# #.......# #
##'###########'#####'#######
# ..[..§§{§§2.Qp..........#
# ..)§§§§§§§§.............#
# ..[..§§§§§§.............#
# .........§§.....(.......#
# .........§§.........)...#
# ...[............@.......#
# ...†....................#
...[....................#
........................#
#########################


You could see a Tzitzimitl (summoned), a cacodemon (summoned), a tengu reaver
(corroded), a vault guard and a blizzard demon (summoned).

Vanquished Creatures
  Mara (Spider:3)
  Mennas (Vaults:2)
  Saint Roka (Vaults:4)
  Nikola (Swamp:3)
  Arachne (Spider:2)
  Asterion (Spider:3)
  3 sphinxes
  Frances (D:14)
  Agnes (Spider:4)
  Roxanne (Spider:3)
  12 vault wardens
  Aizul (Spider:4)
  3 ghost moths (Spider:4)
  An orc warlord (Vaults:1)
  Louise (Spider:2)
  6 emperor scorpions (Spider:4)
  3 war gargoyles
  A stone giant (D:15)
  15 ironbound preservers
  33 very ugly things
  6 dire elephants
  2 entropy weavers
  A crystal guardian (Vaults:3)
  2 eidola (Vaults:3)
  6 eleionomae
  2 bunyips (Swamp:4)
  2 ettins (Vaults:4)
  4 fire dragons
  A deep elf high priest (Vaults:4)
  7 yaktaur captains
  2 great orbs of eyes
  Josephine (D:11)
  18 hydras
  A rakshasa (D:14)
  Erolcha (D:12)
  Harold (D:8)
  10 ironbound thunderhulks
  An ice dragon (D:10)
  Fannar (Lair:2)
  5 boulder beetles
  4 catoblepae
  An ogre mage (Vaults:4)
  2 peacekeepers
  5 ironbound frosthearts
  An anaconda (shapeshifter) (D:14)
  15 vault guards
  2 ghost crabs
  6 alligators
  7 two-headed ogres
  9 centaur warriors
  3 tengu warriors
  5 orc high priests (Orc:2)
  Urug (Lair:3)
  10 spriggans
  7 ironbound beastmasters
  8 goliath frogs
  10 skeletal warriors
  8 swamp dragons
  41 deep trolls
  A glowing orange brain (Vaults:2)
  A death drake (Swamp:2)
  An obsidian statue (Vaults:3)
  2 bog bodies
  2 spriggan druids
  11 lindwurms
  17 ironbound convokers
  6 orc knights
  A phantasmal warrior (Vaults:2)
  18 wolf spiders
  6 wizards
  A deep elf pyromancer (D:13)
  A manticore (shapeshifter) (Vaults:4)
  16 orb spiders
  4 oklob plants (Lair:6)
  47 ugly things
  2 will-o-the-wisps
  2 orc sorcerers
  3 cyclopes
  2 manticores (Lair:6)
  4 black mambas
  3 moths of wrath
  5 elephants (Lair:5)
  18 vault sentinels
  4 torpor snails
  5 centaur zombies (D:10)
  3 gargoyles
  9 cane toads
  6 demonic crawlers
  An unseen horror (D:12)
  2 freezing wraiths
  An anaconda simulacrum (Lair:3)
  4 kobold demonologists
  6 rime drakes (Lair:6)
  36 yaktaurs
  18 komodo dragons
  An efreet (D:13)
  7 trolls
  2 bloated husks
  A troll (shapeshifter) (Vaults:4)
  14 polar bears
  6 tyrant leeches
  13 hornets
  16 jumping spiders
  A raiju (Lair:6)
  20 blink frogs
  A stone giant simulacrum (Vaults:4)
  7 dream sheep (Lair:5)
  33 slime creatures
  22 tarantellas
  44 redbacks
  Sigmund (D:5)
  A centaur simulacrum (D:14)
  A dire elephant simulacrum (Lair:3)
  3 shadows (D:10)
  5 wraiths
  51 yaks
  8 basilisks
  A vampire (D:12)
  10 wyverns
  3 fire bats (Swamp:4)
  A fire elemental (Swamp:4)
  6 steam dragons
  10 vampire mosquitoes
  Menkaure (D:6)
  13 swamp worms
  14 wargs
  17 water moccasins
  2 acid dragons
  16 hell hounds (Lair:6)
  A hydra simulacrum (Lair:3)
  6 swamp drakes (Swamp:4)
  37 orc warriors
  2 ice beasts
  13 black bears
  A hornet zombie (D:8)
  A boggart (D:14)
  8 ogres
  35 wolves
  15 centaurs
  2 phantoms (D:6)
  7 kobold brigands
  5 bullfrogs
  A scorpion (D:4)
  6 killer bees
  A rime drake simulacrum (Lair:3)
  4 wights
  6 howler monkeys
  5 electric eels
  8 crimson imps (D:11)
  2 jellies (D:5)
  A komodo dragon simulacrum (Lair:3)
  4 hounds
  44 orc priests
  A water moccasin simulacrum (Lair:3)
  2 gnoll shamans
  2 centaur skeletons
  A bullfrog skeleton (D:5)
  Ijyb (D:5)
  4 iguanas
  13 orc wizards
  A killer bee zombie (D:7)
  4 howler monkey zombies (D:10)
  5 adders
  9 gnolls
  2 howler monkey skeletons
  A shadow imp (D:7)
  3 white imps
  A worm (D:3)
  92 orcs
  5 endoplasms
  5 giant cockroaches
  7 goblins
  4 hobgoblins
  6 jackals
  7 quokkas
  7 ball pythons
  3 bats
  3 frilled lizards
  20 kobolds
  7 rats
1359 creatures vanquished.

Vanquished Creatures (collateral kills)
  A hydra (Swamp:1)
  A tyrant leech (Swamp:1)
  3 yaks (Lair:1)
  An orc (Orc:2)
6 creatures vanquished.

Vanquished Creatures (others)
  A swamp dragon (Swamp:4)
  A lindwurm (Swamp:4)
  2 bloated husks
  A jumping spider (Spider:3)
  A steam dragon (Swamp:4)
  A swamp drake (Swamp:4)
  2 orcs (D:9)
  A bush (Lair:5)
  12 foxfires
  21 fungi
  50 plants
93 creatures vanquished.

Grand Total: 1458 creatures vanquished

Notes
Turn   | Place    | Note
-------+----------+-------------------------------------------
     0 | D:1      | sizableburger the Mummy Hunter began the quest for the Orb.
     0 | D:1      | Reached XP level 1. HP: 16/16 MP: 1/1
   184 | D:1      | Reached XP level 2. HP: 22/22 MP: 2/2
   184 | D:1      | Found Boanue Kare's Antique Armour Shoppe.
   703 | D:1      | Found a faded altar of an unknown god.
   717 | D:1      | Found Xecom's Book Boutique.
   735 | D:1      | Found Soselu's General Store.
   748 | D:1      | Reached skill level 1 in Short Blades
   811 | D:1      | Reached XP level 3. HP: 28/28 MP: 3/3
   822 | D:1      | Found Huedis's Antique Weapon Shoppe.
  1171 | D:1      | Found Fuuril's Antique Weapon Emporium.
  3148 | D:3      | Reached XP level 4. HP: 32/34 MP: 4/4
  3161 | D:3      | Reached skill level 3 in Fighting
  3648 | D:3      | Reached skill level 1 in Armour
  4289 | D:4      | Reached XP level 5. HP: 36/41 MP: 5/5
  4293 | D:4      | Identified the +5 long sword of Compulsion {vorpal, +Rage
                  | rC+ Dex-3}
  4394 | D:4      | Noticed an ogre
  4429 | D:4      | Killed an ogre
  4804 | D:4      | Reached XP level 6. HP: 43/48 MP: 6/6
  5159 | D:4      | You fall into a shaft and drop 3 floors!
  5208 | D:6      | Noticed an ice beast
  5218 | D:6      | Found a staircase to the Ecumenical Temple.
  5227 | Temple   | Entered the Ecumenical Temple
  5419 | Temple   | Became a worshipper of Warmaster Okawaru
  5468 | D:5      | Entered Level 5 of the Dungeon
  5525 | D:5      | Reached skill level 4 in Fighting
  5730 | D:4      | Found a hazy altar of Hepliaklqana.
  6023 | D:1      | Bought a helmet for 94 gold pieces
  6194 | D:5      | Reached XP level 7. HP: 51/54 MP: 7/7
  6220 | D:5      | Found Weugie Xicay's Book Emporium.
  6516 | D:5      | Noticed Sigmund
  6644 | D:5      | Killed Sigmund
  6667 | D:5      | Reached skill level 5 in Throwing
  6930 | D:5      | Noticed Ijyb
  6950 | D:5      | Killed Ijyb
  7277 | D:6      | Noticed Menkaure
  7285 | D:6      | Killed Menkaure
  7285 | D:6      | Reached * piety under Okawaru
  7286 | D:6      | Reached skill level 5 in Fighting
  7286 | D:6      | Reached XP level 8. HP: 57/62 MP: 8/8
  8415 | D:7      | Found a stormy altar of Qazlal.
  8886 | D:7      | Found an ornate altar of the Wu Jian Council.
  9010 | D:8      | Reached ** piety under Okawaru
  9150 | D:8      | Noticed Harold
  9161 | D:8      | Killed Harold
  9161 | D:8      | Reached *** piety under Okawaru
  9162 | D:8      | Reached skill level 6 in Fighting
  9162 | D:8      | Reached XP level 9. HP: 66/71 MP: 7/10
  9680 | D:8      | Found a shimmering blue altar of Sif Muna.
  9699 | D:8      | Found an ancient bone altar of Kikubaaqudgha.
 10639 | D:9      | Reached skill level 7 in Fighting
 10639 | D:9      | Reached skill level 1 in Evocations
 10736 | D:9      | Reached **** piety under Okawaru
 10823 | D:9      | Noticed a kobold demonologist
 10824 | D:9      | Noticed a sixfirhy
 10828 | D:9      | Noticed a soul eater
 10830 | D:9      | Noticed a red devil
 10834 | D:9      | Killed a kobold demonologist
 10834 | D:9      | Received a gift from Okawaru
 11410 | D:9      | Received a gift from Okawaru
 11596 | D:9      | Found Lisun's Serpentskin Sales.
 11874 | D:1      | Bought a faintly glowing scale mail for 189 gold pieces
 11874 | D:1      | Identified the +1 scale mail "Goemesat" {Harm Dex+5} (You
                  | bought it in a shop on level 1 of the Dungeon)
 12155 | D:9      | Noticed a troll
 12178 | D:9      | Killed a troll
 12179 | D:9      | Reached XP level 10. HP: 32/79 MP: 9/12
 12449 | D:9      | Reached skill level 5 in Armour
 13120 | D:10     | Entered Level 10 of the Dungeon
 13193 | D:10     | Reached skill level 8 in Fighting
 13615 | D:10     | Found a staircase to the Lair.
 13687 | D:10     | Found a staircase to the Orcish Mines.
 13966 | D:10     | Noticed a two-headed ogre
 13976 | D:10     | Killed a two-headed ogre
 13976 | D:10     | Reached ***** piety under Okawaru
 13977 | D:10     | Reached skill level 5 in Long Blades
 14001 | D:10     | Received a gift from Okawaru
 14078 | D:10     | Noticed a two-headed ogre
 14092 | D:10     | Killed a two-headed ogre
 14092 | D:10     | Received a gift from Okawaru
 14093 | D:10     | Reached XP level 11. HP: 84/87 MP: 11/13
 14182 | D:10     | Noticed a boulder beetle
 14331 | Lair:1   | Entered Level 1 of the Lair of Beasts
 14360 | Lair:1   | Noticed a six-headed hydra
 14372 | Lair:1   | Killed an eight-headed hydra
 14373 | Lair:1   | Reached skill level 5 in Evocations
 14970 | Lair:1   | Received a gift from Okawaru
 15228 | Lair:1   | Reached skill level 9 in Fighting
 15363 | Lair:2   | Noticed a seven-headed hydra
 15375 | Lair:2   | Killed a seven-headed hydra
 15543 | Lair:2   | Identified the +0 ring mail of Least Resistance {SInv}
 15693 | Lair:2   | Noticed a five-headed hydra
 15707 | Lair:2   | Killed a seven-headed hydra
 15801 | Lair:2   | Noticed Fannar
 15817 | Lair:2   | Killed Fannar
 15818 | Lair:2   | Reached XP level 12. HP: 91/95 MP: 15/15
 15980 | Lair:2   | Noticed a six-headed hydra
 15995 | Lair:2   | Killed a six-headed hydra
 16021 | Lair:2   | Noticed a seven-headed hydra
 16061 | Lair:2   | Killed a seven-headed hydra
 16061 | Lair:2   | Received a gift from Okawaru
 16062 | Lair:2   | Reached skill level 5 in Invocations
 16132 | Lair:2   | Found a staircase to the Swamp.
 16581 | Lair:3   | Reached ****** piety under Okawaru
 16694 | Lair:3   | Noticed Urug
 16706 | Lair:3   | Killed Urug
 16880 | Lair:3   | Found a transporter.
 16886 | Lair:3   | Reached skill level 10 in Fighting
 16898 | Lair:3   | Received a gift from Okawaru
 17111 | Lair:3   | Found a transporter.
 17546 | Lair:4   | Noticed a boulder beetle
 17561 | Lair:3   | Killed a boulder beetle
 17600 | Lair:4   | Found a hole to the Spider Nest.
 17605 | Lair:4   | Identified the +3 leather armour of the Forest {Str+5}
 18397 | Lair:5   | Gained mutation: You are in touch with the powers of death.
                  | [Mummy growth]
 18397 | Lair:5   | Reached XP level 13. HP: 104/104 MP: 17/17
 19058 | Lair:5   | Found a staircase to the Slime Pits.
 19304 | Lair:6   | Entered Level 6 of the Lair of Beasts
 19613 | Lair:6   | Received a gift from Okawaru
 19882 | Lair:6   | Received a gift from Okawaru
 20308 | Lair:6   | Received a gift from Okawaru
 20557 | Lair:6   | Received a gift from Okawaru
 20590 | Lair:6   | Reached XP level 14. HP: 89/111 MP: 19/19
 20873 | Lair:6   | Received a gift from Okawaru
 20898 | Lair:6   | Identified the ring "Kogunk" {rElec rPois rC+ Str+4 Int-2}
 20921 | Lair:6   | Learned a level 2 spell: Corpse Rot
 20997 | Lair:6   | Reached skill level 1 in Spellcasting
 21069 | Lair:6   | Reached skill level 1 in Shields
 21072 | Lair:6   | Reached skill level 5 in Dodging
 22451 | D:10     | Received a gift from Okawaru
 22452 | D:10     | Reached skill level 1 in Necromancy
 23289 | Orc:1    | Entered Level 1 of the Orcish Mines
 23523 | Orc:2    | Entered Level 2 of the Orcish Mines
 23523 | Orc:2    | Found Toann's Antique Armour Emporium.
 23995 | Orc:2    | Received a gift from Okawaru
 24199 | Orc:2    | Found Cufathrul's Antique Armour Emporium.
 24199 | Orc:2    | Found Dieduis's Armour Boutique.
 24433 | Orc:2    | Found Zoggivi's Distillery.
 24433 | Orc:2    | Found Sunwaty's Antique Armour Boutique.
 24582 | Orc:2    | Bought a pair of glowing gloves for 142 gold pieces
 24582 | Orc:2    | Bought a pitted helmet for 180 gold pieces
 24582 | Orc:2    | Identified the +1 helmet "Duah" {rC++} (You bought it in a
                  | shop on level 2 of the Orcish Mines)
 24582 | Orc:2    | Bought a translucent plate armour for 532 gold pieces
 24582 | Orc:2    | Identified the +10 plate armour of Ammun {-Cast rElec Dex+4
                  | Stlth+} (You bought it in a shop on level 2 of the Orcish
                  | Mines)
 24760 | Orc:2    | Found a staircase to the Elven Halls.
 25217 | Spider:1 | Entered Level 1 of the Spider Nest
 25251 | Lair:4   | Reached skill level 10 in Long Blades
 25317 | Spider:1 | Received a gift from Okawaru
 25321 | Spider:1 | Reached XP level 15. HP: 117/117 MP: 20/20
 25380 | Spider:1 | Reached skill level 11 in Fighting
 25891 | Spider:2 | Noticed Arachne
 25896 | Spider:2 | Noticed Louise
 25908 | Spider:2 | Killed Arachne
 25920 | Spider:2 | Killed Louise
 26407 | Spider:3 | Noticed Asterion
 26616 | Spider:2 | Reached skill level 10 in Throwing
 26971 | Spider:3 | Killed Asterion
 26998 | Spider:3 | Noticed Roxanne
 27223 | Spider:3 | Killed Roxanne
 27248 | Spider:3 | Noticed Mara
 27265 | Spider:3 | Noticed sizableburger's illusion
 27530 | Spider:4 | Entered Level 4 of the Spider Nest
 27552 | Spider:4 | Noticed Agnes
 27560 | Spider:4 | Killed Agnes
 27560 | Spider:4 | Received a gift from Okawaru
 27606 | Spider:4 | Noticed Aizul
 27621 | Spider:4 | Killed Aizul
 27626 | Spider:4 | Killed a ghost moth
 27861 | Spider:4 | Received a gift from Okawaru
 27889 | Spider:4 | Killed a ghost moth
 28124 | Spider:4 | Received a gift from Okawaru
 28125 | Spider:4 | Reached XP level 16. HP: 56/125 MP: 18/21
 28308 | Spider:4 | Received a gift from Okawaru
 28402 | Spider:4 | Found a runed translucent door.
 28402 | Spider:4 | Found a shimmering altar of Xom.
 28403 | Spider:4 | Noticed scammafunk's ghost (adept NaFi)
 28497 | Spider:4 | Received a gift from Okawaru
 28641 | Spider:4 | Identified the ring of Gyir Sod {rF- Str+6 Int+2 Dex+2}
 28685 | Spider:4 | Got a gossamer rune of Zot
 28825 | Spider:4 | Identified the +7 morningstar of the Lost Ghosts
                  | {antimagic, Contam Fly rCorr Dex+5}
 29032 | Spider:3 | Noticed sizableburger's illusion
 29036 | Spider:3 | Killed Mara
 29036 | Spider:3 | Identified the +1 crystal plate armour of Spite {Int-5
                  | Dex+3} (Okawaru gifted it to you on level 3 of the Spider
                  | Nest)
 29036 | Spider:3 | Received a gift from Okawaru
 29770 | Swamp:1  | Entered Level 1 of the Swamp
 31429 | Swamp:3  | Identified Payz's Guide on Transmutation and the Volcanoes
 31546 | Swamp:3  | Noticed Nikola
 31565 | Swamp:3  | Killed Nikola
 31565 | Swamp:3  | Received a gift from Okawaru
 32129 | Swamp:4  | Entered Level 4 of the Swamp
 32135 | Swamp:4  | Received a gift from Okawaru
 32151 | Swamp:4  | Identified the +6 demon trident "Jelly's Bane" {antimagic,
                  | rElec rPois Dex-5} (Okawaru gifted it to you on level 4 of
                  | the Swamp)
 32151 | Swamp:4  | Received a gift from Okawaru
 32152 | Swamp:4  | Reached XP level 17. HP: 123/133 MP: 20/22
 32321 | Swamp:4  | Reached skill level 12 in Fighting
 32749 | Swamp:4  | Reached skill level 10 in Armour
 33173 | Swamp:4  | Received a gift from Okawaru
 33320 | Swamp:4  | Got a decaying rune of Zot
 33718 | D:11     | Noticed Josephine
 33725 | D:11     | Killed Josephine
 34204 | D:12     | Noticed Erolcha
 34220 | D:12     | Killed Erolcha
 34577 | D:12     | Received a gift from Okawaru
 34749 | D:12     | You fall into a shaft and drop 2 floors!
 35115 | D:14     | Found Moumiamn's Assorted Antiques.
 35142 | D:14     | Noticed Frances
 35160 | D:14     | Killed Frances
 35398 | D:14     | Found a gate to the Vaults.
 35602 | D:14     | Identified a scroll of acquirement
 35660 | D:13     | Found Rafeqa's Magic Scroll Shoppe.
 35668 | D:13     | Bought a scroll of enchant weapon for 120 gold pieces
 35749 | D:13     | Reached skill level 13 in Fighting
 36228 | D:13     | Reached skill level 15 in Long Blades
 36482 | D:14     | Found Gememaxont's Weapon Emporium.
 36861 | D:14     | Found Viqero Nori's Antique Armour Emporium.
 36911 | D:14     | Received a gift from Okawaru
 37054 | D:15     | Entered Level 15 of the Dungeon
 37204 | D:15     | Reached XP level 18. HP: 143/143 MP: 23/23
 37611 | D:15     | Received a gift from Okawaru
 37612 | D:15     | Found a staircase to the Depths.
 37994 | Vaults:1 | Entered Level 1 of the Vaults
 38845 | Vaults:1 | Received a gift from Okawaru
 39259 | Vaults:1 | Reached skill level 5 in Shields
 39575 | Vaults:1 | Reached skill level 14 in Fighting
 39950 | Vaults:1 | Received a gift from Okawaru
 40366 | Vaults:1 | Reached XP level 19. HP: 81/152 MP: 24/24
 40546 | Vaults:1 | Acquired 1096 gold pieces
 40626 | Vaults:2 | Noticed Mennas
 41590 | Vaults:2 | Killed Mennas
 41591 | Vaults:2 | Reached skill level 10 in Evocations
 41683 | Vaults:1 | Received a gift from Okawaru
 42024 | Vaults:2 | Received a gift from Okawaru
 42702 | Vaults:2 | Upgraded the game from 0.27-a0-1101-ge311f74bc8 to
                  | 0.27-a0-1105-g946c659c87
 42870 | Vaults:3 | Found Wozus's Distillery.
 43044 | Vaults:3 | Reached skill level 15 in Fighting
 43161 | Vaults:3 | Received a gift from Okawaru
 43827 | Vaults:3 | Reached XP level 20. HP: 162/162 MP: 25/25
 43939 | Vaults:3 | Identified the +6 scale mail of Supple Strength {Rampage
                  | Drain rPois rF+} (Okawaru gifted it to you on level 3 of
                  | the Vaults)
 43939 | Vaults:3 | Received a gift from Okawaru
 43940 | Vaults:3 | Found a staircase to the Crypt.
 45094 | Vaults:3 | Paralysed by a sphinx for 4 turns
 45402 | Vaults:4 | Noticed Saint Roka
 45417 | Vaults:4 | Killed Saint Roka
 46357 | Vaults:4 | Identified the +3 quarterstaff of the Endless Expanse
                  | {vorpal, rF+} (Okawaru gifted it to you on level 4 of the
                  | Vaults)
 46357 | Vaults:4 | Received a gift from Okawaru
 46661 | Vaults:4 | Paralysed by a sphinx for 2 turns
 46700 | Vaults:4 | Reached skill level 16 in Fighting
 46941 | Vaults:4 | Found Nox Nat's General Store.
 47267 | Vaults:4 | Received a gift from Okawaru
 47842 | Vaults:5 | Entered Level 5 of the Vaults
 48037 | Vaults:5 | Noticed a golden dragon
 48037 | Vaults:5 | Noticed a golden dragon
 48059 | Vaults:5 | Noticed a dread lich
 48253 | Vaults:4 | Reached XP level 21. HP: 102/171 MP: 19/26
 48264 | Vaults:4 | Killed from afar by a tengu reaver

Illustrated notes

Levels and vault maps discovered:
D:1:      saegor_arrival_simple_e, layout_basic, serial_shops, shop,
          nicolae_shop_trees, nicolae_shop_crystal, shop_fountains, shop,
          ebering_ecumenical_altar_webs, minivault_24
D:2:      layout_basic, minmay_bisected
D:3:      layout_loops_corners, dk_noncrumbling_2, minmay_pentangle
D:4:      kennysheep_six_static_rooms, layout_rooms,
          worldfamousw_hep_ancestral_shrine
D:5:      layout_basic, serial_shops, nicolae_shop_waterfront, uniq_ijyb,
          uniq_sigmund
D:6:      layout_gridville, minmay_temple_entry_glass, uniq_menkaure
D:7:      layout_loops_ring, pdpol_wu_jian_five_deadly_venoms,
          gammafunk_temple_overflow_pools, minmay_misc_feat_nine_boxes, hex_tiny
D:8:      layout_layer_cave, nicolae_sif_muna_condensation, lemuel_round_altar,
          uniq_harold
D:9:      layout_gridville, guppyfry_shop_venom
D:10:     minmay_the_grid_3x3 [minmay_the_grid_rooms,
          minmay_the_grid_minigrid_medium, minmay_the_grid_mess,
          minmay_the_grid_minigrid_small_alt, minmay_the_grid_box_x,
          minmay_the_grid_expand, minmay_the_grid_minigrid_large,
          minmay_the_grid_dragon_b, minmay_the_grid_prize_inner_circle],
          layout_basic, minmay_lair_entry_grove, kennysheep_generic_room_15
D:11:     layout_gridville, minmay_nine_imps, uniq_josephine
D:12:     layout_loops_ring, uniq_erolcha
D:13:     layout_long_grid, serial_shops, shop_statue, minmay_misc_feat_encased,
          chequers_serial_rivers_small_a, bh_walls_and_bars
D:14:     layout_irregular_city, hangedman_vaults_entry_quadrant_bands,
          serial_shops, kennysheep_mini, nicolae_shop_behind_doors,
          nicolae_shop_overgrown_old_shop, minmay_fountain_box, uniq_frances
D:15:     grunt_enter_depths_giant_problem, layout_irregular_city,
          chequers_serial_rivers_small_a
Temple:   eino_temple_rhombus
Lair:1:   layout_chaotic_city, grunt_forest_small_clearing_treed,
          infiniplex_staircase_pool_2
Lair:2:   layout_loops_ring, palyth_hydra_swamp_entry, lemuel_fruit_fields,
          serial_bayou_shore_b, serial_bayou_shore_b, serial_bayou_shore_b,
          uniq_fannar
Lair:3:   gammafunk_cloud_chamber, layout_regular_city, serial_bayou_shore_b,
          uniq_urug
Lair:4:   layout_loops_ring, spider_nest_entry_webs, grunt_megastairs_3,
          lemuel_fruit_tree
Lair:5:   layout_roguey, slime_dummy, beast_lair_carwin_8
Lair:6:   hangedman_lair_caniforms_friends, layout_gridlike,
          hangedman_lair_in_review, grunt_megastairs_5,
          minmay_lair_oklob_chamber
Swamp:1:  layout_basic_swamp, nicolae_swamp_fairy_circle
Swamp:2:  layout_basic_swamp, hangedman_swamp_blocks, swamp_pool2
Swamp:3:  layout_falls_marsh, evilmike_swamp_ruin_house_6, swamp_pool1,
          uniq_nikola
Swamp:4:  swamp_fiery, layout_basic_swamp, lightli_tree_ring
Spider:1: layout_spider_delve, guppyfry_hornet_nest
Spider:2: layout_spider_delve, uniq_arachne, uniq_louise
Spider:3: layout_spider_delve, hive_lemuel, uniq_roxanne, uniq_mara,
          uniq_asterion
Spider:4: grunt_spider_rune_circles, ebering_ghost_xom,
          nicolae_spider_moth_buddies, uniq_agnes, uniq_aizul
Orc:1:    layout_caves
Orc:2:    st_orc_town, layout_diamond_mine, serial_shops, shop
Vaults:1: special_room_vaults [special_room_orc], vaults_mumra_chevron,
          grunt_vaults_swirl, nicolae_vaults_asterisk, hangedman_vaults_impose,
          ontoclasm_vaults_spin, nicolae_vaults_shelves_hall, vaults_room_pools,
          nicolae_vaults_network_square, v_misc_26, vaults_dpeg_encased_lava,
          v_misc_26, vaults_dpeg_ring, v_alt_pattern_5,
          layout_vaults_maze_snakey
Vaults:2: v_rooms_4, nicolae_vaults_mini_display_case, vaults_standard_mumra_x,
          vaults_room_boxed, v_misc_9, ontoclasm_vaults_decontamination,
          nicolae_vaults_asterisk, v_pattern_5, layout_vaults_quadrants,
          uniq_mennas
Vaults:3: nicolae_vaults_little_ls, nicolae_vaults_border_crossing,
          hangedman_vaults_capsules, ontoclasm_vaults_twist,
          nicolae_vaults_yaktaur_gun_rack, hangedman_vaults_stagger,
          minmay_crypt_entry_simple_statues, ontoclasm_vaults_gateway,
          v_misc_29, v_misc_23, v_alt_pattern_2, hangedman_vaults_corner_blocks,
          v_misc_15, ontoclasm_vaults_bender, nicolae_vaults_little_squares_3,
          nicolae_vaults_statue_guard, vaults_dpeg_cross,
          layout_vaults_omnicross, serial_shops, shop
Vaults:4: serial_ice_b, nicolae_vaults_little_squares_4, v_rooms_4, v_misc_24,
          vaults_room_fours, nicolae_vaults_theta, grunt_vaults_funnel,
          ontoclasm_vaults_tryst, nicolae_vaults_network_barrier,
          nicolae_vaults_theta, ontoclasm_vaults_loading_screen,
          vaults_room_stairs_pillars, grunt_vaults_focal, hangedman_vaults_trim,
          st_smaller_cells, hangedman_vaults_restitches, layout_vaults_omnibox,
          serial_shops, nicolae_shop_window_shopping, uniq_saint_roka
Vaults:5

Skill      XL: |  1  2  3  4  5  6  7  8  9 10 11 12 13 14 15 16 17 18 19 20 |
---------------+-------------------------------------------------------------+-----
Short Blades   | 1 2 3 4 |  4.2
Fighting       | 3 4 5 6 7 8 9 10 11 13 14 15 16 | 16.2
Armour         | 1 2 3 4 6 7 8 9 11 12 13 | 13.1
Throwing       | 4 5 6 7 8 9 11 12 | 12.4
Long Blades    | 2 3 5 6 7 8 10 12 14 15 | 15.8
Invocations    | 2 4 6 7 |  7.7
Evocations     | 2 4 6 8 9 10 11 | 11.9
Dodging        | 4 5 6 7 8 |  8.8
Spellcasting   | 3 |  3.5
Shields        | 4 6 7 |  7.5
Necromancy     | 1 |  1.0
Stealth        | |  0.7

Action                   |  1- 3 |  4- 6 |  7- 9 | 10-12 | 13-15 | 16-18 | 19-21 || total
-------------------------+-------+-------+-------+-------+-------+-------+-------++-------
Melee: Short sword       |    21 |    26 |   156 |       |       |       |       ||   203
       Dagger            |    96 |   187 |       |       |     3 |       |       ||   286
       Scimitar          |       |       |    87 |   278 |   800 |  1009 |   842 ||  3016
       Punch             |       |       |       |       |     2 |       |       ||     2
       Demon blade       |       |       |       |       |       |    57 |       ||    57
       Long sword        |       |       |       |       |       |    45 |       ||    45
Throw: Javelin           |    11 |     9 |    25 |    58 |   182 |   208 |    97 ||   590
       Dart              |    32 |    22 |    41 |    55 |     5 |     4 |       ||   159
       Boomerang         |    23 |    21 |    72 |    80 |   124 |   117 |    52 ||   489
       Throwing net      |       |     2 |     7 |       |       |       |     1 ||    10
Invok: Heroism           |       |       |     4 |     6 |     9 |    10 |     6 ||    35
       Finesse           |       |       |       |       |     4 |     5 |     4 ||    13
Evoke: Wand              |       |       |       |     4 |    14 |    13 |     8 ||    39
       Phial of floods   |       |       |       |       |       |       |     1 ||     1
  Use: Scroll            |       |     9 |     7 |    11 |    11 |    10 |     9 ||    57
 Stab: Sleeping          |     2 |       |       |       |       |       |       ||     2
       Invisible         |     1 |       |     2 |       |       |       |       ||     3
       Held in net/web   |       |       |     2 |       |       |       |       ||     2
       Distracted        |       |       |       |     2 |    17 |    27 |    31 ||    77
       Paralysed         |       |       |       |     4 |       |       |       ||     4
       Petrified         |       |       |       |       |     6 |     7 |       ||    13
Armor: Leather armour    |    26 |       |       |       |       |       |       ||    26
       Scale mail        |     6 |   101 |   116 |    86 |       |       |       ||   309
       Plate armour      |       |       |       |   106 |   779 |   696 |   358 ||  1939
Dodge: Dodged            |    83 |   129 |   222 |   244 |   633 |   593 |   354 ||  2258
Block: Buckler           |       |       |       |       |   141 |   392 |   289 ||   822
       Rpst.: Scimitar   |       |       |    35 |    59 |   133 |    85 |    65 ||   377
       Long sword        |       |       |       |       |       |     5 |       ||     5
       Demon blade       |       |       |       |       |       |     4 |       ||     4

Table legend: (Time is in decaauts)
 A = Elapsed time spent in this place.
 B = Non-inter-level travel time spent in this place.
 C = Inter-level travel time spent in this place.
 D = Time resting spent in this place.
 E = Time spent auto-exploring this place.
 F = Levels seen in this place.
 G = Mean time per level.
                   A        B        C        D        E       F      G
               +--------+--------+--------+--------+--------+-----+--------+
         Total |  47819 |  43513 |   4306 |   9861 |  23862 |  37 | 1292.4 |
       Dungeon |  20182 |  18233 |   1949 |   3992 |  11146 |  15 | 1345.5 |
        Temple |    202 |    185 |     17 |      0 |    183 |   1 |  202.0 |
          Lair |   7834 |   6764 |   1070 |    940 |   4156 |   6 | 1305.7 |
         Swamp |   3772 |   3594 |    178 |    765 |   2166 |   4 |  943.0 |
   Spider Nest |   4310 |   3917 |    393 |   1321 |   1606 |   4 | 1077.5 |
  Orcish Mines |   1803 |   1717 |     86 |    363 |    836 |   2 |  901.5 |
        Vaults |   9713 |   9102 |    611 |   2478 |   3768 |   5 | 1942.6 |
               +--------+--------+--------+--------+--------+-----+--------+

Top non-repeatable levels by time:
Vaults:3: 2716 daAuts
    D:10: 2625 daAuts
Vaults:1: 2569 daAuts
  Lair:6: 2566 daAuts
     D:9: 2271 daAuts
Vaults:2: 2247 daAuts
Vaults:4: 2131 daAuts
     D:8: 1725 daAuts
     D:3: 1713 daAuts
    D:14: 1592 daAuts
     D:4: 1577 daAuts
Spider:2: 1426 daAuts
Spider:4: 1390 daAuts
   Orc:2: 1350 daAuts
     D:1: 1328 daAuts
